 Dungeon Crawl Stone Soup version 0.22.0-38-g04b72b8 (webtiles) character file.

10212 harcile the Severer (level 11, -15/99 HPs)
             Began as a Hill Orc Berserker on Aug 30, 2018.
             Was a High Priest of Trog.
             Demolished by a white ugly thing (25 damage)
             ... on level 11 of the Dungeon.
             The game lasted 00:24:45 (8404 turns).

harcile the Severer (Hill Orc Berserker)            Turns: 8404, Time: 00:24:46

Health: -15/99     AC: 13    Str: 28    XL:     11   Next: 58%
Magic:  11/11      EV: 14    Int:  7    God:    Trog [*****.]
Gold:   403        SH: 11    Dex: 15    Spells: 10/10 levels left

rFire    . . .     SeeInvis .   K - +1 war axe "Faciw" {chop, Str+4} (curse)
rCold    . . .     Gourm    .   w - +0 shield
rNeg     . . .     Faith    .   t - +0 chain mail
rPois    .         Spirit   .   (no helmet)
rElec    .         Reflect  .   d - +0 cloak
rCorr    .         Harm     .   D - +0 pair of gloves
MR       +....                  (no boots)
Stlth    +.........             (no amulet)
HPRegen  0.26/turn              h - ring of stealth
MPRegen  0.12/turn              L - ring of protection from magic

@: agile, berserk cooldown, slowed, very slow
A: no striking features
a: Berserk, Trog's Hand, Brothers in Arms, Renounce Religion


You were on level 11 of the Dungeon.
You worshipped Trog.
Trog was extremely pleased with you.
You were not hungry.

You visited 1 branch of the dungeon, and saw 12 of its levels.

You collected 651 gold pieces.
You spent 248 gold pieces at shops.

Inventory:

Hand Weapons
 j - the +6 mace "Humaq" {drain, rElec rC+ Int+2 SInv, unknown}
   (You found it on level 8 of the Dungeon)

   A truly terrible weapon, it drains the life of those it strikes.
   It affects your intelligence (+2).
   It protects you from cold.
   It insulates you from electricity.
   It lets you see invisible.
 K - the cursed +1 war axe "Faciw" (weapon) {chop, Str+4}
   (You bought it in a shop on level 7 of the Dungeon)

   It inflicts extra damage upon your enemies.
   It affects your strength (+4).
   It has a curse placed upon it.
 O - a +1 antimagic demon trident
 Q - a +0 glaive of venom
Armour
 d - a +0 cloak (worn)
 t - a +0 chain mail (worn)
 u - the +1 robe of the Cockroach {Int+2}
   (You found it on level 4 of the Dungeon)

   It affects your intelligence (+2).
 w - a +0 shield (worn)
 z - a +1 leather armour of magic resistance
 D - a +0 pair of gloves (worn)
Jewellery
 h - a ring of stealth (left hand)
 k - an uncursed amulet of rage
 L - a ring of protection from magic (right hand)
Wands
 a - a wand of iceblast (6)
 B - a wand of polymorph (42)
 C - a wand of paralysis (12)
 E - a wand of flame (24)
 J - a wand of acid (5)
 M - a wand of enslavement (13)
Scrolls
 b - 3 scrolls of teleportation {unknown}
 e - 4 scrolls of immolation {unknown}
 i - 8 scrolls of identify {unknown}
 l - 2 scrolls of remove curse {unknown}
 m - 3 scrolls of fear {unknown}
 q - 2 scrolls of fog {unknown}
 s - 2 scrolls of noise {unknown}
 y - a scroll of enchant armour {unknown}
 H - a scroll of amnesia {unknown}
 I - a scroll of holy word {unknown}
 P - a scroll of blinking {unknown}
Potions
 f - a potion of agility
 g - 2 potions of resistance {unknown}
 n - a potion of invisibility {unknown}
 o - a potion of flight {unknown}
 p - 2 potions of curing {unknown}
 r - 3 potions of magic {unknown}
 v - a potion of lignification {unknown}
 A - a potion of berserk rage {unknown}
 F - 2 potions of degeneration {unknown}
 G - 3 potions of might {unknown}
 N - 2 potions of brilliance {unknown}
Comestibles
 c - 21 rations


   Skills:
 + Level 9.8 Fighting
 + Level 15.6 Axes
 + Level 8.5 Armour
 + Level 3.3 Dodging
 + Level 0.4 Stealth
 + Level 6.7 Shields
 + Level 0.3 Unarmed Combat


You had 10 spell levels left.
You didn't know any spells.
Your spell library was empty.

Dungeon Overview and Level Annotations

Branches:
Dungeon (12/15)            Temple (0/1) D:4            Lair (0/6) D:10
    Orc (0/2) D:10

Altars:
Dithmenos
Gozag
Hepliaklqana
Qazlal
Yredelemnul

Shops:
D:7 (   D:9 [

Annotations:
D:5 2 transporters, KobiteSteel's ghost, novice MfGl
D:9 exclusion: ice statue


Message History

You feel a bit more experienced.
q - 2 scrolls labeled QALORH PUKHLEF (gained 1)
You start resting.
You feel a strong urge to attack something.
You start resting.
You feel your anger nearly subside.
You are no longer berserk.
You are exhausted.
You feel yourself slow down.
A white ugly thing comes into view.
The white ugly thing gurgles horribly!
A centaur comes into view.
The centaur moves out of view.
The white ugly thing gores you! The white ugly thing freezes you!!
* * * LOW HITPOINT WARNING * * *
It was a potion of agility.
You feel agile all of a sudden. The white ugly thing gores you!
* * * LOW HITPOINT WARNING * * *
The white ugly thing freezes you!!
You die...

#...... #.......#. ##.Y..#
#.......#. ##### #..J....#
#. ###########.......#
##.#####.........#..[....#.
.......................♣..
#........#...###.#.......##
#.......u#u#.# #.# ......
#........#@#.###.# ......
#........#.......#####.....
#......♣.#.......'......:..
#...(....###.....#.........
#.....♣..........#.###.###.
#....♣♣..###.....#.# #.....
..... ♣♣.. #.....#.# #.....
... ♣.. #.....#.# #.#... .
... #.....#.# #.###.


You could see a white ugly thing.

Vanquished Creatures
  Snorg (D:10)
  A two-headed ogre (D:11)
  2 ugly things (D:11)
  2 trolls
  Prince Ribbit (D:5)
  A hippogriff (D:9)
  A spriggan (D:7)
  A vampire (D:11)
  2 wyverns
  Duvessa (D:5)
  2 orc warriors
  An ice beast (D:11)
  2 phantoms
  2 black bears
  8 ogres
  An eye of draining (D:11)
  6 necrophages (D:10)
  5 centaurs
  Blork the orc (D:5)
  A big kobold (D:11)
  Dowan (D:5)
  11 bullfrogs
  A wyvern skeleton (D:10)
  2 scorpions (D:7)
  3 killer bees (D:9)
  4 howler monkeys
  5 wights
  5 crimson imps
  3 bullfrog zombies
  3 centaur zombies
  2 orc priests
  8 hounds
  5 jellies
  3 centaur skeletons
  6 bullfrog skeletons
  8 orc wizards
  5 iguanas
  10 worker ants
  A hound skeleton (D:5)
  3 mummies (D:10)
  6 worker ant zombies
  5 adders
  9 gnolls
  2 shadow imps
  2 oozes
  An adder zombie (D:9)
  2 adder skeletons
  6 worms
  3 dart slugs
  5 leopard geckos
  37 orcs
  2 giant cockroaches
  12 goblins
  7 hobgoblins
  4 jackals (D:5)
  A quokka (D:6)
  6 bats
  A frilled lizard (D:2)
  10 kobolds
  A leopard gecko skeleton (D:8)
  2 rats
  2 bushes (D:1)
  A plant (D:1)
258 creatures vanquished.

Notes
Turn   | Place    | Note
-------+----------+-------------------------------------------
     0 | D:1      | harcile the Hill Orc Berserker began the quest for the Orb.
     0 | D:1      | Reached XP level 1. HP: 19/19 MP: 1/1
   137 | D:1      | Reached XP level 2. HP: 23/27 MP: 2/2
   866 | D:2      | Reached XP level 3. HP: 33/33 MP: 3/3
   942 | D:2      | Reached skill level 5 in Axes
  1185 | D:2      | Reached XP level 4. HP: 30/40 MP: 4/4
  1219 | D:2      | Reached ** piety under Trog
  1250 | D:2      | Reached skill level 6 in Axes
  1258 | D:2      | Reached XP level 5. HP: 46/46 MP: 5/5
  2783 | D:4      | Reached skill level 7 in Axes
  2787 | D:4      | Noticed an ogre
  2795 | D:4      | Killed an ogre
  2795 | D:4      | Reached XP level 6. HP: 34/53 MP: 6/6
  2810 | D:4      | Found a staircase to the Ecumenical Temple.
  2853 | D:4      | Got a transparent robe
  2880 | D:4      | Identified the +1 robe of the Cockroach {Int+2} (You found it on level 4 of the Dungeon)
  3009 | D:4      | Found a stormy altar of Qazlal.
  3350 | D:4      | Reached *** piety under Trog
  3483 | D:5      | Entered Level 5 of the Dungeon
  3487 | D:5      | Reached skill level 8 in Axes
  3573 | D:5      | Reached XP level 7. HP: 60/60 MP: 7/7
  3577 | D:5      | Reached skill level 5 in Fighting
  3611 | D:5      | Found a hazy altar of Hepliaklqana.
  3652 | D:5      | Reached skill level 1 in Shields
  4078 | D:5      | Reached skill level 9 in Axes
  4091 | D:5      | Noticed Dowan
  4091 | D:5      | Noticed Prince Ribbit
  4092 | D:5      | Noticed Duvessa
  4102 | D:5      | Killed Prince Ribbit
  4102 | D:5      | Reached XP level 8. HP: 70/70 MP: 8/8
  4106 | D:5      | Killed Duvessa
  4107 | D:5      | Found a transporter.
  4120 | D:5      | Noticed KobiteSteel's ghost (novice MfGl)
  4121 | D:5      | Killed Dowan
  4168 | D:5      | Found a shadowy altar of Dithmenos.
  4224 | D:5      | Found a transporter.
  4289 | D:5      | Received a gift from Trog
  4359 | D:5      | Noticed Blork the orc
  4367 | D:5      | Killed Blork the orc
  4367 | D:5      | Reached skill level 10 in Axes
  4367 | D:5      | Reached skill level 5 in Armour
  4502 | D:6      | Found a basalt altar of Yredelemnul.
  4710 | D:6      | Reached **** piety under Trog
  4762 | D:6      | Reached skill level 11 in Axes
  4762 | D:6      | Reached XP level 9. HP: 75/78 MP: 9/9
  4799 | D:6      | You fall through a shaft!
  5251 | D:7      | Found Umiok's Weapon Boutique.
  5274 | D:7      | Bought the cursed +1 war axe "Faciw" {chop, Str+4} for 248 gold pieces
  5336 | D:7      | Reached skill level 12 in Axes
  5899 | D:8      | Got a brightly glowing mace
  6200 | D:8      | Reached ***** piety under Trog
  6276 | D:9      | Reached skill level 13 in Axes
  6276 | D:9      | Reached XP level 10. HP: 60/86 MP: 10/10
  6561 | D:9      | Noticed an ice statue
  6602 | D:9      | Reached skill level 5 in Shields
  6763 | D:9      | Found Vagu's Armour Emporium.
  6798 | D:9      | You fall through a shaft for 3 floors!
  6900 | D:12     | Noticed a cyclops
  6908 | D:11     | Noticed a cyan ugly thing
  6923 | D:11     | Killed a cyan ugly thing
  7068 | D:11     | Noticed a two-headed ogre
  7073 | D:11     | Killed a two-headed ogre
  7073 | D:11     | Reached skill level 14 in Axes
  7104 | D:11     | Found an opulent altar of Gozag.
  7149 | D:10     | Entered Level 10 of the Dungeon
  7198 | D:10     | Reached XP level 11. HP: 95/97 MP: 11/11
  7362 | D:10     | Found a staircase to the Orcish Mines.
  7365 | D:10     | Found a staircase to the Lair.
  7365 | D:10     | Noticed Snorg
  7373 | D:10     | Killed Snorg
  7373 | D:10     | Reached skill level 15 in Axes
  7601 | D:10     | Received a gift from Trog
  8293 | D:11     | Noticed a purple ugly thing
  8304 | D:11     | Killed a purple ugly thing
  8395 | D:11     | Noticed a white ugly thing
  8404 | D:11     | Demolished by a white ugly thing

Skill      XL: |  1  2  3  4  5  6  7  8  9 10 11 |
---------------+----------------------------------+-----
Fighting       | 4 5 6 7 9 |  9.8
Axes           | 5 6 7 8 9 11 13 14 15 | 15.6
Dodging        | 2 3 |  3.3
Armour         | 3 4 5 6 7 8 |  8.5
Shields        | 2 3 4 5 6 |  6.7
Stealth        | |  0.4
Unarmed Combat | |  0.3

Action                   |  1- 3 |  4- 6 |  7- 9 | 10-12 || total
-------------------------+-------+-------+-------+-------++-------
Melee: Hand axe          |   335 |    12 |       |       ||   347
       War axe           |       |   148 |   285 |   253 ||   686
       Unarmed           |       |       |     2 |       ||     2
Invok: Berserk           |     2 |     6 |     7 |     9 ||    24
  Use: Potion            |       |       |       |     1 ||     1
  Eat: Chunk             |     3 |    13 |    17 |    11 ||    44
       Ration            |       |       |       |     1 ||     1
Armor: Animal skin       |     7 |       |       |       ||     7
       Ring mail         |    25 |    30 |       |       ||    55
       Chain mail        |       |    19 |   144 |    90 ||   253
Dodge: Dodged            |    64 |    77 |    62 |    67 ||   270
Block: Shield            |       |    13 |   119 |   107 ||   239
